 Dungeon Crawl Stone Soup version 0.21-a0-400-g417d9d2 (webtiles) character file.

435302 lowkey the Wrestler (level 22, -4/247 HPs)
             Began as a Troll Monk on Oct 19, 2017.
             Was a High Priest of Okawaru.
             Slain by a spark wasp (13 damage)
             ... on level 5 of the Depths on Oct 20, 2017.
             The game lasted 01:38:54 (53011 turns).

lowkey the Wrestler (Troll Monk)                   Turns: 53011, Time: 01:38:55

Health: -4/247     AC: 36    Str: 30    XL:     22   Next: 92%
Magic:  26/26      EV: 15    Int:  6    God:    Okawaru [*****.]
Gold:   4182       SH: 13    Dex: 12    Spells: 21/21 levels left

rFire    + + +     SeeInvis +     - Unarmed
rCold    + + +     Gourm    +   r - +0 shield {reflect}
rNeg     . . .     Faith    .   Y - +4 gold dragon scales
rPois    +         Spirit   .   J - +2 hat {SInv}
rElec    .         Reflect  +   s - +2 cloak of the Barracuda {rPois rF+ rC+++ MR+++ Str-2}
rCorr    .         Harm     .   (gloves unavailable)
MR       ++++.                  (boots unavailable)
Stlth    ..........             G - amulet of rage
HPRegen  0.91/turn              S - ring of protection from fire
MPRegen  0.20/turn              d - +4 ring of evasion

@: about to teleport, heroism
A: unfitting armour, claws 3, fast metabolism 3, gourmand, regeneration 1,
shaggy fur 1, tough skin 2
}: 2/15 runes: decaying, serpentine
a: Heroism, Finesse, Renounce Religion, Evoke Berserk Rage


You were on level 5 of the Depths.
You worshipped Okawaru.
Okawaru was extremely pleased with you.
You were not hungry.

You visited 7 branches of the dungeon, and saw 40 of its levels.
You also visited: Sewer and Ice Cave.

You collected 5198 gold pieces.
You spent 1016 gold pieces at shops.

Inventory:

Missiles
 P - 73 large rocks (quivered)
Armour
 r - a +0 shield of reflection (worn)
 s - the +2 cloak of the Barracuda (worn) {rPois rF+ rC+++ MR+++ Str-2}
   (Okawaru gifted it to you on level 4 of the Snake Pit)

   It affects your strength (-2).
   It protects you from fire.
   It renders you almost immune to cold.
   It protects you from poison.
   It affects your resistance to hostile enchantments.
 D - the +2 hat "Loidot" {Int+5}
   (Okawaru gifted it to you on level 3 of the Depths)

   It affects your intelligence (+5).
 J - a +2 hat of see invisible (worn)
 Y - +4 gold dragon scales (worn)
Jewellery
 a - a +3 ring of intelligence
 d - a +4 ring of evasion (right claw)
 l - an uncursed ring of protection from magic
 x - an uncursed ring of resist corrosion
 G - an amulet of rage (around neck)
 L - an uncursed ring of flight
 S - a ring of protection from fire (left claw)
Wands
 c - a wand of iceblast (8/15)
 e - a wand of digging (19/24)
 q - a wand of iceblast (5/15)
 t - a wand of iceblast (8/15)
 w - a wand of acid (7/15)
 y - a wand of lightning (9/15)
 M - a wand of acid (8/15)
 N - a wand of clouds (0/9)
 Q - a wand of digging (6/24)
 R - a wand of digging (10/24)
 U - a wand of paralysis (11/24)
 V - a wand of iceblast (11/15)
Scrolls
 b - 6 scrolls of identify
 f - 7 scrolls of teleportation
 k - 6 scrolls of immolation
 m - 18 scrolls of remove curse
 o - 2 scrolls of fear
 p - 3 scrolls of summoning
 H - 2 scrolls of magic mapping
 K - 2 scrolls of holy word
 O - 2 scrolls of recharging
 T - 2 scrolls of fog
Potions
 g - a potion of resistance
 i - 2 potions of cancellation
 j - 10 potions of curing
 v - 9 potions of agility
 z - 6 potions of flight
 B - 5 potions of brilliance
 C - 5 potions of mutation
 W - 3 potions of haste
 X - 6 potions of ambrosia
Miscellaneous
 u - 2 phantom mirrors
 Z - a phial of floods
Comestibles
 h - 9 meat rations
 n - 22 fruits
 A - 31 royal jellies
 E - 7 bread rations


   Skills:
 + Level 20.0(25.0) Fighting
 + Level 16.2(21.2) Armour
 - Level 9.9(14.9) Dodging
 - Level 1.0(6.0) Stealth
 - Level 7.2(12.2) Shields
 - Level 21.3(26.3) Unarmed Combat
 - Level 7.2 Invocations
 - Level 6.1 Evocations


You had 21 spell levels left.
You didn't know any spells.

Dungeon Overview and Level Annotations

Branches:
Dungeon (15/15)            Temple (0/1) D:7            Lair (6/6) D:10
  Swamp (4/4) Lair:4        Snake (4/4) Lair:2        Slime (0/5) Lair:5
    Orc (2/2) D:12            Elf (0/3) Orc:2        Vaults (4/5) D:14
  Crypt (0/3) Vaults:3     Depths (5/5) D:15
    Zot: Depths:5

Altars:
Ashenzari
Dithmenos
Fedhas
Okawaru
Sif Muna
Vehumet
Xom
Yredelemnul
Zin
The Shining One
Beogh

Shops:
D:4 *   Orc:2 *([}[   Snake:1 [   Snake:3 [=:   Vaults:2 [   Vaults:3 }!

Portals:
Hell: Depths:1 Depths:2 Depths:3 Depths:4
Abyss: Depths:3 Depths:4
Pandemonium: Depths:1 Depths:2 Depths:3
Trove: D:10 (give 6 scrolls of blinking)

Annotations:
Lair:1 exclusion: oklob plant
Depths:1 exclusion: orange crystal statue


Innate Abilities, Weirdness & Mutations

You are too large for most types of armour.
You have claws for hands.
Your metabolism is lightning-fast.
You like to eat raw meat.
Your natural rate of healing is unusually fast.
You are covered in fur. (AC +1)
You have very tough skin. (AC +2)


Message History

Unknown command.
The spark wasp stings you!
* * * LOW HITPOINT WARNING * * *
The spark wasp shocks you!
* * * LOW HITPOINT WARNING * * *
Unknown command.
Unknown command.
There is an open door, spattered with blood here.
Unknown command.
As you read the scroll of teleportation, it crumbles to dust.
You feel strangely unstable. The spark wasp stings you!
* * * LOW HITPOINT WARNING * * *
The spark wasp shocks you!
* * * LOW HITPOINT WARNING * * *
Items here: )) [[[ † You feel better.
The spark wasp barely misses you.
You feel better. The spark wasp stings you!
* * * LOW HITPOINT WARNING * * *
The spark wasp shocks you!
You die...

.. ##. .. ### .. #. ..# ....
######'##### #.####+##.......
...........# #.##............
.......[...###.##............
...........y)#.##............
..........y#@...'............
...........#)#.##............
...........#)#)##.)..........
...........#.))##............
..(........######............
...........# #............
########### #############


You could see a spark wasp.

Vanquished Creatures
  Mara (Snake:4)
  A juggernaut (Depths:4)
  Vashnia (Snake:4)
  the Lernaean hydra (Swamp:4)
  2 caustic shrikes
  2 golden dragons (Depths:2)
  Jory (Depths:5)
  Rupert (Lair:4)
  An Ice Fiend (IceCv)
  3 liches
  A tentacled monstrosity (Swamp:1)
  Asterion (Snake:4)
  A titan (Depths:4)
  5 thorn hunters (Swamp:3)
  2 sphinxes
  Gastronok (D:8)
  2 tengu reavers
  3 storm dragons
  Donald (Orc:2)
  8 frost giants
  8 nagarajas
  12 vault wardens
  3 fire giants
  2 deep elf sorcerers (Vaults:4)
  A balrug (Depths:3)
  Aizul (Snake:4)
  12 ironheart preservers
  A cacodemon (Depths:2)
  A ghoul (Vaults:3)
  A juggernaut zombie (Depths:4)
  12 very ugly things
  2 war gargoyles
  2 vampire knights
  3 spriggan defenders
  12 stone giants
  A deep elf demonologist (Vaults:3)
  9 spark wasps
  An ettin (Depths:1)
  A deep elf high priest (Depths:2)
  6 fire dragons
  2 deep elf death magi
  2 jiangshi (Depths:1)
  10 yaktaur captains
  Josephine (Orc:2)
  An ice dragon (shapeshifter) (Depths:4)
  9 rakshasas
  16 naga warriors
  6 great orbs of eyes
  25 hydras
  9 vault guards
  11 anacondas
  A quicksilver dragon skeleton (Depths:4)
  8 ice dragons
  18 centaur warriors
  5 spriggan air magi
  A ghost crab (Swamp:2)
  11 alligators
  43 two-headed ogres
  11 ogre magi
  A queen ant (Lair:3)
  2 vampire magi
  10 deep troll shamans
  A hell hog (Depths:1)
  13 naga sharpshooters
  8 deep troll earth magi
  8 spriggan berserkers
  12 shock serpents
  A storm dragon zombie (Vaults:2)
  27 slime creatures
  4 deep elf knights
  23 spriggans
  A fire crab (shapeshifter) (Vaults:4)
  10 hell knights
  A sixfirhy (Depths:2)
  7 salamander mystics
  A shadow wraith (Vaults:1)
  A storm dragon skeleton (Depths:3)
  4 iron trolls
  3 skeletal warriors (Vaults:1)
  25 deep trolls
  An infernal demonspawn (Depths:3)
  9 swamp dragons
  7 unseen horrors
  A flayed ghost (Depths:3)
  The ghost of confidenceinterval the Martial Artist, a novice MfTm of Okawaru (D:7)
  4 shambling mangroves
  8 deep elf archers
  3 naga ritualists
  3 glowing orange brains
  7 orc knights
  An orange crystal statue (Vaults:2)
  18 ironbrand convokers
  3 spriggan druids (Depths:3)
  A wizard (Vaults:3)
  Pikel (D:7)
  5 necromancers
  7 mana vipers
  20 deep elf magi
  2 lindwurms (Lair:6)
  A fire giant zombie (Depths:3)
  A golden dragon skeleton (Depths:1)
  2 wolf spiders
  An oklob plant (Swamp:3)
  7 cyclopes
  11 salamanders
  A human zombie (Vaults:2)
  67 ugly things
  A stone giant zombie (Depths:1)
  A moth of wrath (shapeshifter) (Vaults:4)
  3 centaur zombies (D:14)
  11 vault sentinels
  Maurice (D:8)
  6 guardian serpents
  31 black mambas
  A fire giant skeleton (Vaults:2)
  3 rust devils
  Joseph (D:7)
  4 elephants (Lair:3)
  A storm dragon simulacrum (Depths:3)
  5 torpor snails (Lair:6)
  18 spiny frogs
  9 gargoyles (D:12)
  24 naga magi
  A kobold demonologist (D:14)
  An ice statue (IceCv)
  A rime drake (shapeshifter) (Vaults:3)
  30 yaktaurs
  2 orange demons (Depths:2)
  5 freezing wraiths
  A golden dragon simulacrum (IceCv)
  A rime drake (Lair:6)
  4 ice devils (IceCv)
  2 anaconda simulacra (IceCv)
  7 komodo dragons
  An elf skeleton (Depths:4)
  3 hellwings (Depths:4)
  2 queen bees (D:13)
  A troll (shapeshifter) (Vaults:1)
  3 red devils (Depths:4)
  3 tengu conjurers (Depths:1)
  A polar bear (Lair:4)
  A jumping spider (shapeshifter) (Depths:2)
  A tengu simulacrum (Depths:3)
  3 meliai (D:13)
  8 trolls
  Grinder (D:4)
  14 tyrant leeches
  A harpy skeleton (D:15)
  A wind drake (shapeshifter) (Depths:2)
  2 spriggan zombies
  24 hornets
  A human simulacrum (Vaults:2)
  12 hippogriffs
  12 blink frogs
  A slime creature (shapeshifter) (Depths:4)
  14 dream sheep (Lair:6)
  3 bog bodies
  A stone giant simulacrum (Vaults:3)
  5 air elementals (Depths:5)
  An ettin skeleton (Depths:1)
  A vampire (D:15)
  Sigmund (D:3)
  6 shadows
  9 wraiths
  3 basilisks
  3 water elementals (Depths:1)
  A hog (shapeshifter) (Vaults:1)
  3 wyverns
  2 dire elephant simulacra (IceCv)
  28 yaks
  A golden eye (shapeshifter) (Vaults:2)
  2 death yak simulacra (IceCv)
  11 vampire mosquitoes
  A hungry ghost (D:9)
  61 nagas
  A neqoxec (Depths:2)
  4 wargs
  10 insubstantial wisps
  19 swamp worms
  4 harpy simulacra (IceCv)
  15 soldier ants (Lair:3)
  2 iron troll simulacra (IceCv)
  3 hydra simulacra (IceCv)
  An acid dragon (Vaults:1)
  8 water moccasins
  8 hell hounds (Depths:1)
  4 porcupines
  A hornet zombie (D:14)
  17 swamp drakes
  2 ettin simulacra
  50 orc warriors
  2 slaves (D:7)
  An alligator simulacrum (IceCv)
  2 eyes of draining
  4 sky beasts
  A necrophage (D:12)
  An ice beast (D:7)
  A phantom (D:7)
  13 wolves
  28 centaurs
  29 ogres
  10 boggarts
  3 big kobolds
  8 crocodiles
  A bullfrog (shapeshifter) (Depths:1)
  21 bullfrogs
  A wyvern skeleton (D:9)
  A water moccasin skeleton (D:5)
  5 scorpions
  A tengu zombie (Depths:1)
  32 killer bees
  An oklob sapling (Swamp:3)
  4 wights
  2 howler monkeys
  3 draconian simulacra (IceCv)
  13 crimson imps
  5 hounds
  A quasit (Depths:2)
  2 centaur skeletons
  7 jellies
  21 orc wizards
  2 bullfrog zombies
  22 orc priests
  A gnoll shaman (Orc:1)
  2 iron imps
  Natasha (thrice) (D:3)
  3 iguanas
  3 troll simulacra (IceCv)
  38 worker ants
  A polar bear simulacrum (IceCv)
  A spriggan simulacrum (IceCv)
  A killer bee zombie (D:9)
  4 centaur simulacra (IceCv)
  The ghost of Charly the Ruffian, a weakling CeTm (D:3)
  A hound skeleton (D:10)
  2 worker ant zombies
  9 gnolls
  3 naga simulacra (IceCv)
  20 adders
  4 ogre simulacra (IceCv)
  6 river rats (Sewer)
  6 shadow imps
  3 white imps (IceCv)
  8 ufetubi
  2 oozes
  An adder zombie (D:5)
  An adder skeleton (D:5)
  5 leopard geckos
  104 orcs
  9 bats
  4 giant cockroaches
  8 goblins
  13 hobgoblins
  7 jackals
  7 quokkas
  6 ball pythons
  4 frilled lizards
  A jackal zombie (D:5)
  33 kobolds
  A leopard gecko zombie (D:5)
  30 rats
  11 briar patches (Swamp:3)
  A fungus (Swamp:3)
  2 plants
1871 creatures vanquished.

Vanquished Creatures (others)
  An iron dragon (Depths:5)
  A deep elf knight (Vaults:4)
  An unseen horror (D:14)
  A swamp dragon (Swamp:4)
  A necromancer (Depths:5)
  4 yaktaurs
  An air elemental (Depths:5)
  A yak (Lair:6)
  A naga (Snake:3)
  An orc warrior (Orc:2)
  2 ogres
  A jelly (D:15)
  2 white imps (IceCv)
  2 ufetubi (IceCv)
  3 orcs
  A kobold (D:14)
  6 briar patches (Swamp:3)
  17 bushes
  46 fungi
  75 plants
168 creatures vanquished.

Grand Total: 2039 creatures vanquished

Notes
Turn   | Place    | Note
-------+----------+-------------------------------------------
     0 | D:1      | lowkey the Troll Monk began the quest for the Orb.
     0 | D:1      | Reached XP level 1. HP: 22/22 MP: 0/0
   180 | D:1      | Reached XP level 2. HP: 29/29 MP: 1/1
  1037 | D:2      | Reached XP level 3. HP: 35/36 MP: 2/2
  1256 | D:2      | Reached skill level 4 in Unarmed Combat
  1268 | D:2      | Reached skill level 1 in Shields
  1268 | D:2      | Reached XP level 4. HP: 32/45 MP: 3/3
  1595 | D:3      | Noticed Sigmund
  1597 | D:3      | Noticed Charly's ghost (weakling CeTm)
  1610 | D:3      | Killed Sigmund
  1610 | D:3      | Reached skill level 5 in Unarmed Combat
  1610 | D:3      | Reached XP level 5. HP: 53/53 MP: 4/4
  1617 | D:3      | Killed Charly's ghost
  1621 | D:3      | Reached XP level 6. HP: 58/61 MP: 5/5
  1631 | D:3      | Found a glowing drain.
  1681 | Sewer    | Entered a sewer
  2508 | D:3      | Noticed Natasha
  2512 | D:3      | Killed Natasha
  2651 | D:3      | Noticed Natasha
  2658 | D:3      | Killed Natasha
  2792 | D:3      | Reached skill level 6 in Unarmed Combat
  2797 | D:3      | Found a faded altar of an unknown god.
  2827 | D:3      | Noticed Natasha
  2832 | D:3      | Killed Natasha
  3007 | D:4      | Reached XP level 7. HP: 68/68 MP: 6/6
  3061 | D:4      | Found Zadun's Serpentskin Sales.
  3192 | D:4      | Noticed Grinder
  3217 | D:4      | Paralysed by Grinder for 4 turns
  3221 | D:4      | Killed Grinder
  3221 | D:4      | Reached skill level 7 in Unarmed Combat
  3821 | D:5      | Entered Level 5 of the Dungeon
  3825 | D:5      | Reached XP level 8. HP: 56/79 MP: 7/7
  3986 | D:5      | Reached skill level 5 in Fighting
  3986 | D:5      | Reached skill level 8 in Unarmed Combat
  4154 | D:5      | Found a shadowy altar of Dithmenos.
  4160 | D:5      | Found a glowing golden altar of the Shining One.
  4160 | D:5      | Found a glowing silver altar of Zin.
  4167 | D:5      | Found a deep blue altar of Sif Muna.
  4550 | D:6      | Reached XP level 9. HP: 86/88 MP: 8/8
  4571 | D:6      | Reached skill level 9 in Unarmed Combat
  4713 | D:6      | Found an iron altar of Okawaru.
  5018 | D:6      | Became a worshipper of Warmaster Okawaru
  5018 | D:6      | Reached * piety under Okawaru
  5018 | D:6      | Reached ** piety under Okawaru
  5057 | D:6      | Reached skill level 5 in Shields
  5643 | D:7      | Noticed confidenceinterval's ghost (novice MfTm)
  5652 | D:7      | Killed confidenceinterval's ghost
  5652 | D:7      | Reached *** piety under Okawaru
  5652 | D:7      | Reached skill level 10 in Unarmed Combat
  5885 | D:7      | Noticed Joseph
  5903 | D:7      | Killed Joseph
  5903 | D:7      | Reached XP level 10. HP: 24/100 MP: 6/9
  6212 | D:7      | Found a staircase to the Ecumenical Temple.
  6245 | D:7      | Noticed Pikel
  6260 | D:7      | Killed Pikel
  6260 | D:7      | Reached **** piety under Okawaru
  6338 | D:8      | Reached skill level 11 in Unarmed Combat
  6379 | D:8      | Noticed Gastronok
  6399 | D:8      | Killed Gastronok
  6399 | D:8      | Reached ***** piety under Okawaru
  6489 | D:8      | Found a shattered altar of Ashenzari.
  6569 | D:8      | Noticed a two-headed ogre
  6576 | D:8      | Noticed Maurice
  6591 | D:8      | Killed a two-headed ogre
  6591 | D:8      | Reached skill level 12 in Unarmed Combat
  6595 | D:8      | Killed Maurice
  6760 | D:8      | Reached XP level 11. HP: 102/109 MP: 8/10
  6990 | D:8      | Identified a scroll of acquirement
  6991 | D:8      | Got a warped cloak
  6997 | D:8      | Identified the -3 cloak of the Beekeeper {rElec Regen+ Str+4 Dex-4} (You acquired it on level 8 of the Dungeon)
  7094 | D:9      | Found a radiant altar of Vehumet.
  7186 | D:9      | Noticed a two-headed ogre
  7195 | D:9      | Killed a two-headed ogre
  7197 | D:9      | Noticed a two-headed ogre
  7203 | D:9      | Killed a two-headed ogre
  7206 | D:9      | Received a gift from Okawaru
  7820 | D:10     | Entered Level 10 of the Dungeon
  8015 | D:10     | Reached skill level 1 in Invocations
  8138 | D:10     | Found a staircase to the Lair.
  8262 | D:10     | Noticed an unseen horror
  8277 | D:10     | Killed an unseen horror
  8412 | D:10     | Found a portal to a secret trove of treasure.
  8564 | Lair:1   | Entered Level 1 of the Lair of Beasts
  8631 | Lair:1   | Reached skill level 13 in Unarmed Combat
  9451 | Lair:1   | Noticed an oklob plant
  9960 | Lair:2   | Found a staircase to the Snake Pit.
 10162 | Lair:2   | Reached XP level 12. HP: 107/122 MP: 13/13
 10525 | Lair:3   | Reached skill level 14 in Unarmed Combat
 10547 | Lair:3   | Noticed a queen ant
 10592 | Lair:3   | Killed a queen ant
 11282 | Lair:3   | Reached skill level 5 in Invocations
 11289 | Lair:3   | Reached ****** piety under Okawaru
 11901 | Lair:4   | Noticed a four-headed hydra
 11943 | Lair:4   | Noticed Rupert
 11997 | Lair:4   | Killed a six-headed hydra
 12475 | Lair:4   | Reached skill level 15 in Unarmed Combat
 12629 | Lair:4   | Found a staircase to the Swamp.
 12868 | Lair:4   | Received a gift from Okawaru
 13713 | Lair:4   | Killed Rupert
 13713 | Lair:4   | Reached XP level 13. HP: 133/133 MP: 9/16
 13816 | Lair:5   | Reached skill level 10 in Fighting
 14022 | Lair:5   | Found a shimmering altar of Xom.
 14172 | Lair:5   | Found a staircase to the Slime Pits.
 14656 | Lair:6   | Entered Level 6 of the Lair of Beasts
 14709 | Lair:6   | Found a runed door.
 14977 | Lair:6   | Paralysed by a hornet for 2 turns
 14998 | Lair:6   | Reached skill level 16 in Unarmed Combat
 15496 | Lair:6   | Reached skill level 1 in Evocations
 15853 | Lair:6   | Noticed a storm dragon
 15853 | Lair:6   | a five-headed hydra changed into a storm dragon
 15860 | Lair:6   | Killed a storm dragon
 15904 | Lair:6   | Received a gift from Okawaru
 16372 | Lair:6   | Reached XP level 14. HP: 129/144 MP: 18/18
 17742 | D:12     | Noticed a war gargoyle
 17750 | D:12     | Killed a war gargoyle
 17840 | D:12     | Found a staircase to the Orcish Mines.
 17873 | Orc:1    | Entered Level 1 of the Orcish Mines
 17900 | Orc:1    | Reached skill level 17 in Unarmed Combat
 17970 | Orc:1    | Found a roughly hewn altar of Beogh.
 18189 | Orc:2    | Entered Level 2 of the Orcish Mines
 18189 | Orc:2    | Noticed Donald
 18195 | Orc:2    | Killed Donald
 18196 | Orc:2    | Found Releaj's Armour Shop.
 18381 | Orc:2    | Found a staircase to the Elven Halls.
 18507 | Orc:2    | Reached skill level 5 in Dodging
 18718 | Orc:2    | Found Xalaatyno's Antique Armour Shoppe.
 18718 | Orc:2    | Found Ciweum's Antique Weapon Shop.
 18720 | Orc:2    | Found Hirghuroi's General Store.
 18722 | Orc:2    | Found Houxeh's Gadget Emporium.
 18826 | Orc:2    | Noticed Josephine
 18837 | Orc:2    | Killed Josephine
 19317 | Orc:2    | Bought a +1 cloak of magic resistance for 247 gold pieces
 20487 | D:13     | Found a roughly hewn altar of Beogh.
 20722 | D:13     | Received a gift from Okawaru
 21265 | D:14     | Reached XP level 15. HP: 154/154 MP: 19/19
 21375 | D:14     | Received a gift from Okawaru
 21483 | D:14     | Reached skill level 5 in Evocations
 21632 | D:14     | Found a basalt altar of Yredelemnul.
 21671 | D:14     | Reached skill level 18 in Unarmed Combat
 21952 | D:14     | Found a gate to the Vaults.
 22203 | D:14     | Got a distressingly furry scarf
 22214 | D:14     | Identified the scarf of Wonow {Regen+} (You acquired it on level 14 of the Dungeon)
 22378 | D:15     | Entered Level 15 of the Dungeon
 22525 | D:15     | Found a blossoming altar of Fedhas.
 23472 | D:15     | Found a staircase to the Depths.
 23576 | Depths:1 | Entered Level 1 of the Depths
 23889 | Depths:1 | Noticed a fire giant
 23896 | Depths:1 | Killed a fire giant
 23940 | Depths:1 | Noticed a fire giant
 24275 | Depths:1 | Found a gateway to Hell.
 24291 | Depths:1 | Received a gift from Okawaru
 24669 | Snake:1  | Entered Level 1 of the Snake Pit
 24686 | Snake:1  | Found a frozen archway.
 24695 | IceCv    | Entered an ice cave
 25137 | IceCv    | Reached XP level 16. HP: 158/165 MP: 20/20
 25527 | IceCv    | Reached skill level 1 in Armour
 25583 | IceCv    | Noticed an Ice Fiend
 25611 | IceCv    | Killed an Ice Fiend
 25968 | Snake:1  | Reached skill level 19 in Unarmed Combat
 26334 | Snake:1  | Found Aleed's Antique Armour Shoppe.
 26650 | Snake:1  | Received a gift from Okawaru
 29706 | Snake:3  | Reached skill level 20 in Unarmed Combat
 29714 | Snake:3  | Reached skill level 5 in Armour
 29721 | Snake:3  | Reached XP level 17. HP: 69/176 MP: 15/21
 29748 | Snake:3  | Received a gift from Okawaru
 29982 | Snake:3  | Got a shimmering robe {god gift}
 29983 | Snake:3  | Identified the +1 robe of Limited Liability {*Contam rC++} (Okawaru gifted it to you on level 3 of the Snake Pit)
 30109 | Snake:3  | Found Dotipsya's Antique Armour Shop.
 30109 | Snake:3  | Found Jaboupemm's Jewellery Boutique.
 30123 | Snake:3  | Found Xaenod's Book Shop.
 30273 | Snake:3  | Bought an uncursed amulet of rage for 600 gold pieces
 30529 | Snake:4  | Entered Level 4 of the Snake Pit
 30656 | Snake:4  | Noticed Mara
 30660 | Snake:4  | Noticed lowkey's illusion
 31206 | Snake:4  | Noticed lowkey's illusion
 31242 | Snake:4  | Killed Mara
 31393 | Snake:4  | Noticed Vashnia
 32120 | Snake:4  | Killed Vashnia
 32120 | Snake:4  | Reached skill level 21 in Unarmed Combat
 32849 | Snake:4  | Got a serpentine rune of Zot
 33239 | Snake:4  | Noticed Asterion
 33255 | Snake:4  | Killed Asterion
 33255 | Snake:4  | Received a gift from Okawaru
 33255 | Snake:4  | Reached XP level 18. HP: 166/188 MP: 14/22
 33258 | Snake:4  | Got a faintly humming cloak {god gift}
 33259 | Snake:4  | Identified the +2 cloak of the Barracuda {rPois rF+ rC+++ MR+++ Str-2} (Okawaru gifted it to you on level 4 of the Snake Pit)
 33454 | Snake:4  | Noticed Aizul
 33476 | Snake:4  | Killed Aizul
 33754 | Swamp:1  | Entered Level 1 of the Swamp
 34309 | Swamp:1  | Noticed a tentacled monstrosity
 34350 | Swamp:1  | Killed a tentacled monstrosity
 35918 | Swamp:2  | Upgraded the game from 0.21-a0-396-ga924934 to 0.21-a0-400-g417d9d2
 35988 | Swamp:3  | Paralysed by a hornet for 3 turns
 36982 | Swamp:3  | Received a gift from Okawaru
 37259 | Swamp:4  | Entered Level 4 of the Swamp
 37524 | Swamp:4  | Noticed the 27-headed Lernaean hydra
 37545 | Swamp:4  | Killed the 27-headed Lernaean hydra
 37565 | Swamp:4  | Reached skill level 15 in Fighting
 37731 | Swamp:4  | Reached skill level 10 in Armour
 37904 | Swamp:4  | Got a decaying rune of Zot
 38976 | Vaults:1 | Entered Level 1 of the Vaults
 39076 | Vaults:1 | Reached XP level 19. HP: 122/201 MP: 15/23
 39839 | Vaults:1 | Received a gift from Okawaru
 41450 | Vaults:2 | Received a gift from Okawaru
 41939 | Vaults:2 | Found Kosoilil's Armour Shop.
 42156 | Vaults:3 | Reached XP level 20. HP: 215/215 MP: 24/24
 42577 | Vaults:3 | Found a staircase to the Crypt.
 43172 | Vaults:3 | Found Foesulet's Distillery.
 43177 | Vaults:3 | Bought a potion of haste for 130 gold pieces
 43177 | Vaults:3 | Bought a potion of curing for 39 gold pieces
 43206 | Vaults:3 | Found Igayhud's Gadget Shop.
 43880 | Vaults:3 | Received a gift from Okawaru
 45298 | Vaults:4 | Received a gift from Okawaru
 46586 | Depths:1 | Reached XP level 21. HP: 187/228 MP: 18/25
 46725 | Depths:1 | Found a one-way gate leading to the halls of Pandemonium.
 46852 | Depths:1 | Received a gift from Okawaru
 47488 | Depths:2 | Noticed a golden dragon
 47499 | Depths:2 | Killed a golden dragon
 47506 | Depths:2 | Noticed a golden dragon
 47514 | Depths:2 | Killed a golden dragon
 47536 | Depths:2 | Noticed a caustic shrike
 47549 | Depths:2 | Killed a caustic shrike
 47898 | Depths:2 | Received a gift from Okawaru
 50059 | Depths:3 | Reached XP level 22. HP: 211/243 MP: 17/26
 50349 | Depths:3 | Found a one-way gate to the infinite horrors of the Abyss.
 50576 | Depths:3 | Reached skill level 15 in Armour
 50716 | Depths:3 | Received a gift from Okawaru
 50723 | Depths:3 | Got a translucent hat {god gift}
 50724 | Depths:3 | Identified the +2 hat "Loidot" {Int+5} (Okawaru gifted it to you on level 3 of the Depths)
 51512 | Depths:4 | Noticed a juggernaut
 51526 | Depths:4 | Killed a juggernaut
 51528 | Depths:4 | Noticed a caustic shrike
 51535 | Depths:4 | Killed a caustic shrike
 52611 | Depths:5 | Entered Level 5 of the Depths
 52611 | Depths:5 | Noticed Jory
 52824 | Depths:5 | Killed Jory
 52999 | Depths:5 | Received a gift from Okawaru
 53008 | Depths:5 | HP: 3/247 [spark wasp (12)]
 53011 | Depths:5 | Slain by a spark wasp

Vault maps used:
D:1:      lemuel_arrival_cross, serial_park_tiny_pond
D:2:      minmay_misc_feat_four_crosses
D:3:      cheibrodos_sewer_entry_drain, chequers_ecumenical_altar_simple_redux,
          kennysheep_generic_room_3, uniq_sigmund, uniq_natasha
D:4:      first_bread, minmay_misc_feat_hallway, guppyfry_shop_venom,
          uniq_grinder
D:5:      minitemple, grunt_ministairs_15
D:6:      okawaru_trees_2
D:7:      temple_pool_b, minmay_holes, uniq_pikel, uniq_joseph
D:8:      lemuel_doored_altar, uniq_gastronok, uniq_maurice
D:9:      vehumet_altar_wand_db
D:10:     david_lair_shrubbed, enter_trove_6
D:12:     gargoyle_guard, david_orc_1_choice
D:13:     special_room, david_nohive_1, minivault_7
D:14:     hangedman_vaults_entry_quadrant_bands, yredelemnul_altar_generic
D:15:     grunt_enter_depths_snipers, fedhas_altar_3,
          hangedman_abyss_or_decor_stagger
Lair:1:   minmay_lair_oklob_chamber
Lair:2:   minmay_snake_entry_guardpost_small
Lair:3:   zaba_anthell
Lair:4:   minmay_lair_venomous_thicket, minmay_swamp_entry_worms,
          lemuel_fruit_tree, grunt_megastairs_5, uniq_rupert
Lair:5:   slime_dummy, basic_altar
Lair:6:   wormcave
Swamp:1:  cheibrodos_swamp_monstrosity, evilmike_swamp_ruin_house_1
Swamp:2:  evilmike_swamp_ruin_rubble_2
Swamp:3:  nicolae_swamp_phyte_club, hangedman_swamp_blocks
Swamp:4:  swamp_old_school, infiniplex_staircase_pool
Snake:1:  onia_ninara_swampy_vault, serial_shops, nicolae_shop_stone,
          portal_ice_cave_entry_pillars_1, spider_trap
Snake:3:  special_room, grunt_megastairs_2, minmay_shop_star
Snake:4:  johnstein_snake_rune_scales, uniq_asterion, uniq_aizul, uniq_mara
Orc:1:    mines2_david
Orc:2:    st_orc_rangers, serial_shops, shop, uniq_donald, uniq_josephine
Vaults:1: hangedman_vaults_maws, v_misc_14, nicolae_vaults_specimen_jars,
          nicolae_vaults_three_branches, v_misc_28, hangedman_vaults_stitches,
          vaults_mumra_hex, vaults_dpeg_doors, v_misc_2,
          grunt_vaults_hallway_short, v_alt_pattern_4,
          ontoclasm_vaults_misaligned, vaults_mumra_chevron,
          ontoclasm_vaults_shout
Vaults:2: nicolae_vaults_puzzle_piece, nicolae_vaults_big_angled_halls,
          vaults_room_large_hall, hangedman_vaults_locks, vaults_room_fours,
          nicolae_vaults_little_squares_3, grunt_vaults_diagonal, v_misc_10,
          nicolae_vaults_big_ls, ontoclasm_vaults_ring_small,
          nicolae_vaults_alarming, vaults_dpeg_ring,
          nicolae_vaults_statue_guard, serial_shops, nicolae_shop_trees
Vaults:3: v_pattern_3, ontoclasm_vaults_misaligned, serial_ice_m, v_misc_12,
          v_alt_pattern_4, minmay_crypt_entry_simple_corners,
          nicolae_vaults_halls_meeting, ontoclasm_vaults_loading_screen,
          nicolae_vaults_hallways_thing, nicolae_vaults_border_crossing,
          nicolae_vaults_asterisk, ontoclasm_vaults_loading_screen,
          dpeg_vaults_monster_row, vaults_dpeg_diagonal, serial_shops, shop,
          nicolae_shop_crystal
Vaults:4: hangedman_vaults_impose, ontoclasm_vaults_bender, v_misc_19,
          hangedman_vaults_variations, hangedman_vaults_nodes, vaults_room_pool,
          ontoclasm_vaults_shuriken
Depths:1: pan_entry, grunt_hell_horde,
          hangedman_abyss_or_decor_jellyfish_corner, kennysheep_crisscross,
          grunt_decor_fettered, grunt_decor_mini_mirrors, horrible_house_mu
Depths:2: minmay_the_grid_four_pointed_star, hell_entry, grunt_pan_entry_spiral,
          small_chamber_with_monster
Depths:3: minmay_spriggan_fort, grunt_decor_one_mirror, abyss_entry,
          rand_demon_pan_entry_5, grunt_hell_entry_dis_grunt,
          infiniplex_staircase_pool_2
Depths:4: evilmike_diamond_2, hellmouth_3, dk_noncrumbling_4, abyss_entry
Depths:5: grunt_crosshair, enter_ziggurat_c, minmay_misc_feat_doors, hell_entry,
          uniq_mennas, uniq_jory
Sewer:    sewer_minmay_treatment
IceCv:    ice_cave_caverns_02

Skill      XL: |  1  2  3  4  5  6  7  8  9 10 11 12 13 14 15 16 17 18 19 20 21 22 |
---------------+-------------------------------------------------------------------+-----
Unarmed Combat | 4 5 6 7 8 10 12 13 15 16 17 18 20 21 | 21.3
Fighting       | 3 4 5 6 7 8 9 10 11 12 13 15 16 17 19 20 | 20.0
Shields        | 1 2 3 4 5 7 |  7.2
Invocations    | 3 6 7 |  7.2
Evocations     | 2 4 6 |  6.1
Dodging        | 3 5 7 9 |  9.9
Armour         | 5 7 10 12 14 16 | 16.2
Stealth        | |  1.0

Action                   |  1- 3 |  4- 6 |  7- 9 | 10-12 | 13-15 | 16-18 | 19-21 | 22-24 || total
-------------------------+-------+-------+-------+-------+-------+-------+-------+-------++-------
Melee: Unarmed           |    93 |   236 |   281 |   680 |  1328 |  1468 |  1720 |   546 ||  6352
       Punch             |     1 |       |       |       |       |       |       |       ||     1
Throw: Javelin           |     5 |     5 |     2 |     6 |     9 |       |       |       ||    27
       Large rock        |       |       |       |       |     7 |     9 |       |       ||    16
Invok: Heroism           |       |       |     2 |    21 |    49 |    51 |    29 |    14 ||   166
       Finesse           |       |       |       |     4 |    11 |    14 |    12 |     6 ||    47
Evoke: Wand              |       |       |       |     3 |    15 |     2 |       |       ||    20
       Phial of floods   |       |       |       |       |     1 |       |       |       ||     1
  Use: Scroll            |       |     7 |     5 |    20 |    24 |    11 |     6 |    10 ||    83
       Potion            |       |     1 |       |     4 |     9 |    17 |     2 |     4 ||    37
 Stab: Sleeping          |     3 |     5 |     2 |     2 |     5 |       |       |       ||    17
       Distracted        |       |       |     1 |       |     1 |       |       |       ||     2
       Confused          |       |       |       |       |       |     1 |       |       ||     1
  Eat: Chunk             |    16 |    18 |    21 |    73 |    84 |    40 |    94 |    19 ||   365
       Bread ration      |       |       |       |       |     4 |    11 |       |       ||    15
       Meat ration       |       |       |       |       |       |     7 |     1 |     1 ||     9
       Fruit             |       |       |       |       |       |     2 |       |       ||     2
Armor: Robe              |    43 |    86 |    49 |   108 |   176 |       |       |       ||   462
       Ice dragon scales |       |       |       |       |    28 |   592 |   372 |       ||   992
       Gold dragon scale |       |       |       |       |       |       |   153 |   214 ||   367
Dodge: Dodged            |    38 |    93 |   129 |   345 |   595 |   621 |   596 |   181 ||  2598
Block: Shield            |    26 |   125 |   127 |   345 |   647 |   698 |   660 |   208 ||  2836
       Reflection        |       |       |       |       |    42 |    65 |    37 |    12 ||   156

Table legend:
 A = Spawn XP
 B = Non-spawn XP
 C = Spawn XP percentage of total XP
 D = Spawn monster count
 E = Non-spawn monster count
 F = Spawn count percentage of total count
 G = Total turns spent on level
                    A         B        C        D         E        F      G
               +---------+---------+-------+---------+---------+-------+---------
         Total |       0 |  830757 |   0.0 |       0 |    1872 |   0.0 | 53011
               +---------+---------+-------+---------+---------+-------+---------
           D:1 |       0 |      30 |   0.0 |       0 |      22 |   0.0 |   675
           D:2 |       0 |      77 |   0.0 |       0 |      15 |   0.0 |   869
           D:3 |       0 |     449 |   0.0 |       0 |      42 |   0.0 |   777
           D:4 |       0 |     618 |   0.0 |       0 |      10 |   0.0 |   842
           D:5 |       0 |    1507 |   0.0 |       0 |      26 |   0.0 |   911
           D:6 |       0 |     914 |   0.0 |       0 |      34 |   0.0 |   816
           D:7 |       0 |    2779 |   0.0 |       0 |      17 |   0.0 |   772
           D:8 |       0 |    4544 |   0.0 |       0 |      24 |   0.0 |   706
           D:9 |       0 |    2367 |   0.0 |       0 |      17 |   0.0 |   794
          D:10 |       0 |    2308 |   0.0 |       0 |      35 |   0.0 |   837
          D:11 |       0 |    2287 |   0.0 |       0 |      21 |   0.0 |   670
          D:12 |       0 |   13439 |   0.0 |       0 |      56 |   0.0 |  1377
          D:13 |       0 |    8577 |   0.0 |       0 |      68 |   0.0 |  1102
          D:14 |       0 |   18797 |   0.0 |       0 |      55 |   0.0 |  1266
          D:15 |       0 |   12130 |   0.0 |       0 |      26 |   0.0 |  1329
        Lair:1 |       0 |    3470 |   0.0 |       0 |      17 |   0.0 |  1338
        Lair:2 |       0 |    3014 |   0.0 |       0 |      14 |   0.0 |  1192
        Lair:3 |       0 |    8660 |   0.0 |       0 |      65 |   0.0 |  1079
        Lair:4 |       0 |   10031 |   0.0 |       0 |      32 |   0.0 |  1950
        Lair:5 |       0 |    1928 |   0.0 |       0 |       9 |   0.0 |   915
        Lair:6 |       0 |   21856 |   0.0 |       0 |      65 |   0.0 |  1871
       Swamp:1 |       0 |    8905 |   0.0 |       0 |      15 |   0.0 |   774
       Swamp:2 |       0 |   19188 |   0.0 |       0 |      37 |   0.0 |  1338
       Swamp:3 |       0 |   24491 |   0.0 |       0 |      46 |   0.0 |  1470
       Swamp:4 |       0 |   26939 |   0.0 |       0 |      50 |   0.0 |  1401
       Snake:1 |       0 |   21939 |   0.0 |       0 |      45 |   0.0 |  1407
       Snake:2 |       0 |   25963 |   0.0 |       0 |      48 |   0.0 |  2361
       Snake:3 |       0 |   24400 |   0.0 |       0 |      42 |   0.0 |  1475
       Snake:4 |       0 |   62426 |   0.0 |       0 |      83 |   0.0 |  2609
         Orc:1 |       0 |    2173 |   0.0 |       0 |      35 |   0.0 |   324
         Orc:2 |       0 |   10415 |   0.0 |       0 |      75 |   0.0 |  1147
      Vaults:1 |       0 |   47221 |   0.0 |       0 |      68 |   0.0 |  1515
      Vaults:2 |       0 |   47247 |   0.0 |       0 |      70 |   0.0 |  1629
      Vaults:3 |       0 |   59183 |   0.0 |       0 |      74 |   0.0 |  2204
      Vaults:4 |       0 |   40808 |   0.0 |       0 |      59 |   0.0 |  1801
      Depths:1 |       0 |   67768 |   0.0 |       0 |     107 |   0.0 |  1978
      Depths:2 |       0 |   77896 |   0.0 |       0 |      89 |   0.0 |  2409
      Depths:3 |       0 |   52987 |   0.0 |       0 |      80 |   0.0 |  1383
      Depths:4 |       0 |   63784 |   0.0 |       0 |      58 |   0.0 |  1495
      Depths:5 |       0 |   17704 |   0.0 |       0 |      20 |   0.0 |   400
         Sewer |       0 |     160 |   0.0 |       0 |      48 |   0.0 |   658
         IceCv |       0 |    9378 |   0.0 |       0 |      53 |   0.0 |  1145
               +---------+---------+-------+---------+---------+-------+---------
